 Dungeon Crawl Stone Soup version 0.30.0-5-g1a98f26d00 (webtiles) character file.

Game seed: 238188602683133450

1407 GigaChad the Covered (level 9, -12/68 HPs)
             Began as a Formicid Fighter on May 12, 2023.
             Was a Follower of the Shining One.
             Mangled by a cyclops (25 damage)
             ... on level 8 of the Dungeon.
             The game lasted 00:07:33 (5748 turns).

GigaChad the Covered (Formicid Fighter)             Turns: 5748, Time: 00:07:34

Health: -12/68     AC: 13    Str: 26    XL:     9   Next: 1%
Magic:  10/10      EV:  8    Int:  9    God:    the Shining One [*.....]
Gold:   518        SH:  5    Dex: 13    Spells: 8/8 levels left

rFire   . . .        a - +1 war axe
rCold   + . .        c - +0 buckler
rNeg    . . .        s - +0 chain mail
rPois   .            (helmet unavailable)
rElec   .            r - +0 cloak
rCorr   .            (no gloves)
SInv    +            o - +1 pair of boots
Will    .....        (no amulet) Stlth
                     i - ring of Devotion {Fly rC+ Str+2}
HPRegen 0.31/turn    (no ring)
MPRegen 0.12/turn

%: no passive effects
@: flying, glowing
A: permanent stasis, dig shafts and tunnels, antennae 3, four strong arms
a: Dig, Shaft Self, Renounce Religion, Divine Shield


You were on level 8 of the Dungeon.
You worshipped the Shining One.
The Shining One was aware of your devotion.
You visited 1 branch of the dungeon, and saw 7 of its levels.

You collected 518 gold pieces.

Inventory:

Hand Weapons
 a - a +1 war axe (weapon)
 j - a +1 demon whip of pain
 q - a +3 quarterstaff of chaos
 C - a +3 dire flail
Missiles
 y - a throwing net
Armour
 b - a +0 scale mail
 c - a +0 buckler (worn)
 o - a +1 pair of boots (worn)
 r - a +0 cloak (worn)
 s - a +0 chain mail (worn)
 t - a +0 plate armour
Jewellery
 i - the ring of Devotion (left hand) {Fly rC+ Str+2}
   (You acquired it on level 2 of the Dungeon)

   [ring of protection from cold]

   Str:       It affects your strength (+2).
   rC:        It protects you from cold.
   Fly:       It grants you flight.
Scrolls
 f - a scroll of immolation
 g - 3 scrolls of poison
 k - 2 scrolls of vulnerability
 w - 5 scrolls of teleportation
 B - a scroll of enchant armour {unknown}
Potions
 d - 2 potions of might
 e - a potion of lignification
 h - a potion of ambrosia {unknown}
 l - 2 potions of magic {unknown}
 m - 3 potions of attraction {unknown}
 n - 2 potions of brilliance {unknown}
 p - 4 potions of heal wounds {unknown}
 v - a potion of cancellation {unknown}
 z - 2 potions of curing {unknown}
 A - a potion of mutation {unknown}


   Skills:
 + Level 5.0 Fighting
 * Level 5.0(5.9) Axes
 - Level 4.8(5.8) Maces & Flails
 * Level 6.3 Armour
 * Level 6.1 Shields
 - Level 2.2 Necromancy
 * Level 2.3 Invocations


You had 8 spell levels left.
You didn't know any spells.
Your spell library contained the following spells:

 Spells                   Type           Power      Damage    Failure   Level
 Magic Dart               Conj           0%         1d3       91%         1
 Call Imp                 Summ           0%         N/A       97%         2
 Inner Flame              Hex/Fire       0%         N/A       99%         3
 Mephitic Cloud           Conj/Pois/Air  0%         N/A       99%         3
 Yara's Violent Unravell  Hex/Tmut       0%         3d3       100%        5
 Enfeeble                 Hex            0%         N/A       100%        7


Dungeon Overview and Level Annotations

Branches:
Dungeon (8/15)             Temple (0/1) D:7
   Lair: D:8-11

Altars:
Elyvilon
Wu Jian
The Shining One


Innate Abilities, Weirdness & Mutations

You cannot be hasted, slowed, berserked, paralysed or teleported.
You can dig through walls and to a lower floor.
You have a pair of large antennae on your head. (SInv)
Your four strong arms can wield two-handed weapons with a shield.


Message History

Done exploring.
No target in view!
There is a staircase to the Ecumenical Temple here.
There is a stone staircase leading down here.
You fly downwards.
There is a stone staircase leading up here.
Found a rapier.
A cyclops comes into view.
A cyclops is nearby!
The cyclops throws a large rock.
The large rock hits you!! The cyclops closely misses you.
You slash the cyclops!
The cyclops is lightly wounded.
The cyclops hits you!
You hit the cyclops.
The cyclops is moderately wounded.
The cyclops hits you!
You are too injured to fight recklessly!
You are too injured to fight recklessly!
You are too injured to fight recklessly!
You are too injured to fight recklessly!
You are too injured to fight recklessly!
Found 6 boomerangs.
Unknown command.
You hit the cyclops.
The cyclops is moderately wounded.
The cyclops hits you!
Unknown command.
You hit the cyclops.
The cyclops is heavily wounded.
The cyclops hits you!
* * * LOW HITPOINT WARNING * * *
Unknown command.
You slash the cyclops!
The cyclops is severely wounded.
The cyclops barely misses you.
You hit the cyclops.
The cyclops is severely wounded.
The cyclops hits you!!
You die...

### #...# #........ ....
#...# ##........
....##...###.........
...................## .
..................#
..##+##..).....#........
(..............#........
####....................
.......@...#............
.......C........#####...
..........=....... .#
...................
......######.......
...... ....... ......
..... ...... ....


You could see a cyclops.

Vanquished Creatures
  An orc warrior (D:7)
  A black bear (D:7)
  2 ogres
  A phantom (D:4)
  A scorpion (D:4)
  5 wights (D:7)
  2 hounds
  Crazy Yiuf (D:2)
  A gnoll bouda (D:4)
  3 orc priests
  A sleepcap (D:7)
  An iguana (D:3)
  6 orc wizards
  5 gnolls (D:4)
  7 adders
  A shadow imp (D:3)
  3 worms
  A dart slug (D:3)
  29 orcs
  7 ball pythons
  6 bats
  5 endoplasms
  4 giant cockroaches
  6 hobgoblins
  2 jackals (D:1)
  3 quokkas (D:3)
  7 frilled lizards
  14 goblins
  3 kobolds
  8 rats
137 creatures vanquished.

Notes
Turn   | Place    | Note
-------+----------+-------------------------------------------
     0 | D:1      | GigaChad the Formicid Fighter began the quest for the Orb.
     0 | D:1      | Reached XP level 1. HP: 18/18 MP: 1/1
   270 | D:1      | Reached XP level 2. HP: 20/24 MP: 2/2
  1004 | D:2      | Reached XP level 3. HP: 30/30 MP: 3/3
  1041 | D:2      | Found a faded altar of an unknown god.
  1235 | D:2      | Found a runed translucent door.
  1236 | D:2      | Noticed Crazy Yiuf
  1427 | D:2      | Reached XP level 4. HP: 20/37 MP: 4/4
  1851 | D:2      | Killed Crazy Yiuf
  1852 | D:2      | Reached skill level 1 in Maces & Flails
  1852 | D:2      | Reached skill level 1 in Necromancy
  1866 | D:2      | Identified a scroll of acquirement
  1866 | D:2      | Acquired the ring of Devotion {Fly rC+ Str+2}
  1948 | D:3      | Reached XP level 5. HP: 42/42 MP: 5/5
  2122 | D:3      | Reached XP level 6. HP: 27/48 MP: 6/6
  2606 | D:3      | Reached skill level 5 in Shields
  2944 | D:4      | Noticed an ogre
  2951 | D:4      | Killed an ogre
  2952 | D:4      | Reached XP level 7. HP: 55/55 MP: 7/7
  2999 | D:4      | Found a glowing golden altar of the Shining One.
  3255 | D:4      | Found a white marble altar of Elyvilon.
  3301 | D:4      | Found an ornate altar of the Wu Jian Council.
  3593 | D:4      | Became a worshipper of the Shining One
  3668 | D:4      | Reached skill level 5 in Armour
  4469 | D:5      | Entered Level 5 of the Dungeon
  4469 | D:5      | You are sucked into a shaft and drop 2 floors!
  4523 | D:7      | Found a staircase to the Ecumenical Temple.
  4528 | D:7      | Reached * piety under the Shining One
  4529 | D:7      | Reached XP level 8. HP: 58/61 MP: 8/8
  4532 | D:7      | Reached skill level 1 in Invocations
  5123 | D:7      | Identified the +12 sling of Slow Death {speed, rF+ rC+
                  | rCorr Dex+3}
  5304 | D:7      | Reached skill level 5 in Fighting
  5304 | D:7      | Reached skill level 5 in Axes
  5304 | D:7      | Reached XP level 9. HP: 39/68 MP: 10/10
  5737 | D:8      | Noticed a cyclops
  5748 | D:8      | Mangled by a cyclops

Illustrated notes

Levels and vault maps discovered:
D:1:      nagdon_arrival_zigzag_paths, layout_basic
D:2:      layout_loops_corners, shapermc_ecumenical_altar_totnotflames,
          uniq_crazy_yiuf_cottage
D:3:      layout_basic, serial_park_tiny_1, grunt_decor_clamped,
          minmay_randomly_rotated_circles
D:4:      minmay_polygon_palace, layout_basic, nicolae_elyvilon_peaceful_grove,
          mainiacjoe_overflow_catch_the_wave, serial_corexii_hall,
          corexii_hall_statues_x, corexii_hall_statues_x
D:5:      layout_cave_pools, marbit_many_paths, gammafunk_ghost_arena,
          serial_column_ruins, column_ruins_grid_1, column_ruins_open_tiny,
          column_ruins_grid_1, column_ruins_grid_3
D:7:      layout_loops_ring, minmay_temple_entry_large_hall
D:8:      layout_basic, mainiacjoe_overflow_alcove_2, serial_shops, shop,
          hangedman_decor_slide_cut, uniq_joseph

Skill      XL: |  1  2  3  4  5  6  7  8 |
---------------+-------------------------+-----
Fighting       | 4 5 |  5.0
Maces & Flails | 1 2 4 |  4.8
Armour         | 4 5 6 |  6.3
Necromancy     | 1 2 |  2.2
Shields        | 5 6 |  6.1
Axes           | 5 |  5.0
Invocations    | 2 |  2.3

Action                     |  1- 3 |  4- 6 |  7- 9 || total
---------------------------+-------+-------+-------++-------
  Melee: War axe           |    62 |       |   152 ||   214
         Demon whip        |    18 |   147 |    33 ||   198
    Use: Scroll            |     2 |     2 |     6 ||    10
 Armour: Scale mail        |    35 |    36 |       ||    71
         Chain mail        |       |    54 |    95 ||   149
  Dodge: Dodged            |    21 |    65 |   113 ||   199
  Block: Buckler           |    21 |    31 |    49 ||   101
